 Dungeon Crawl Stone Soup version 0.28-a0-895-g6e5f11bd55 (webtiles) character file.

Game seed: 8738979508203374568

16797 frimble the Cleaver (level 12, -8/123 HPs)
             Began as a Troll Warper on Nov 23, 2021.
             Was a High Priest of Cheibriados.
             Mangled by a boulder beetle (17 damage)
             ... on level 12 of the Dungeon.
             The game lasted 00:12:00 (8599 turns).

frimble the Cleaver (Troll Warper)                  Turns: 8599, Time: 00:12:00

Health: -8/123     AC:  9    Str: 35    XL:     12   Next: 13%
Magic:  0/12       EV: 13    Int: 26    God:    Cheibriados [*****.]
Gold:   655        SH:  0    Dex: 24    Spells: 10/13 levels left

rFire   . . .      SeeInvis .   h - +9 broad axe (vamp)
rCold   + . .      Faith    .   (no shield)
rNeg    . . .      Spirit   +   A - +0 troll leather armour
rPois   .          Reflect  .   (helmet restricted)
rElec   .          Harm     .   a - +2 cloak
rCorr   .          Rampage  .   (gloves unavailable)
Will    +....                   (boots unavailable)
Stlth   ++........              u - amulet "Vubbelig" {Spirit Will+ Dex+2}
HPRegen 2.30/turn               m - ring of protection from cold
MPRegen 0.13/turn               v - +4 ring of slaying

@: about to teleport, very slow
A: large, unfitting armour, claws 3, regeneration 1, shaggy fur 1, tough skin 1
a: Renounce Religion, Bend Time, Temporal Distortion, Slouch, Step From Time


You were on level 12 of the Dungeon.
You worshipped Cheibriados.
Cheibriados was extremely pleased with you.
You visited 1 branch of the dungeon, and saw 12 of its levels.

You collected 655 gold pieces.

Inventory:

Hand Weapons
 h - a +9 vampiric broad axe (weapon)
Missiles
 d - 5 boomerangs of dispersal
 s - 2 throwing nets
 y - 2 silver boomerangs (quivered)
 B - 5 boomerangs
 E - 10 large rocks
Armour
 a - a +2 cloak (worn)
 A - a +0 troll leather armour (worn)
Jewellery
 b - a +6 ring of intelligence
 f - a ring of positive energy
 m - a ring of protection from cold (left claw)
 o - a ring of poison resistance
 q - a ring of wizardry
 u - the amulet "Vubbelig" (around neck) {Spirit Will+ Dex+2}
   (You found it on level 7 of the Dungeon)

   [amulet of guardian spirit]

   It causes incoming damage to be divided between your reserves of health and
   magic.
   Dex:       It affects your dexterity (+2).
   Will:      It increases your willpower.
 v - a +4 ring of slaying (right claw)
 z - a ring of ice
 F - a ring of see invisible
Wands
 t - a wand of flame (23)
 C - a wand of charming (11)
 G - a wand of acid (6)
Scrolls
 c - a scroll of blinking
 e - 9 scrolls of identify
 g - 6 scrolls of amnesia
 n - 2 scrolls of teleportation
 r - a scroll of holy word
Potions
 i - 7 potions of curing
 k - a potion of might
 l - 3 potions of heal wounds
 p - 3 potions of attraction
 w - 2 potions of lignification
 x - a potion of haste
 D - a potion of ambrosia {unknown}


   Skills:
 + Level 9.3 Fighting
 - Level 2.4 Short Blades
 + Level 11.1 Axes
 + Level 4.8 Throwing
 + Level 4.8 Dodging
 - Level 1.2 Spellcasting
 - Level 6.0 Translocations


You had 10 spell levels left.
You knew the following spells:

 Your Spells              Type           Power      Damage    Failure   Level
a - Blink                 Tloc           64%        N/A       1%          2
b - Apportation           Tloc           64%        N/A       1%          1

Your spell library contained the following spells:

 Spells                   Type           Power      Damage    Failure   Level
 Gell's Gravitas          Tloc           32%        N/A       3%          3
 Lesser Beckoning         Tloc           32%        N/A       3%          3
 Teleport Other           Tloc           32%        N/A       3%          3
 Animate Skeleton         Necr           2%         N/A       13%         1
 Summon Small Mammal      Summ           4%         N/A       13%         1
 Manifold Assault         Tloc           32%        N/A       30%         5
 Call Canine Familiar     Summ           1%         N/A       36%         3
 Ozocubu's Armour         Ice            1%         N/A       36%         3
 Summon Guardian Golem    Hex/Summ       1%         N/A       36%         3
 Hailstorm                Conj/Ice       1%         3d3       77%         4
 Ice Form                 Ice/Tmut       1%         N/A       77%         4
 Simulacrum               Ice/Necr       0%         N/A       100%        6
 Ozocubu's Refrigeration  Ice            0%         4d5       100%        7


Dungeon Overview and Level Annotations

Branches:
Dungeon (12/15)            Temple (0/1) D:4             Orc (0/2) D:9
   Lair: D:8-11

Altars:
Ashenzari
Cheibriados
Fedhas
Gozag
Makhleb
Qazlal
Ru
Sif Muna
Trog
Uskayaw
Xom
Yredelemnul
The Shining One

Shops:
D:5 [

Annotations:
D:4 1 runed translucent door, AttackTheMoon's ghost, novice FoMo
D:7 exclusion: ice statue
D:9 2 transporters, swappor's ghost, novice MiBe
D:10 2 transporters, amoryguerra's ghost, novice MiBe
D:12 exclusion: hydra


Innate Abilities, Weirdness & Mutations

You are too large for most types of armour.
You have claws for hands.
Your natural rate of healing is unusually fast.
You are covered in fur. (AC +1)
You have tough skin. (AC +1)


Message History

Things that are here:
a +0 dagger; a +0 robe; an orc corpse A boulder beetle comes into view.
A boulder beetle is nearby!
A boulder beetle is nearby!
The boulder beetle leaps!
No target in view!
No target in view!
No target in view!
No target in view!
No target in view!
A death knight comes into view. It is wielding a +1 glaive.
The death knight shouts!
The boulder beetle barely misses you.
You hit the boulder beetle but do no damage.
The death knight hits you from afar with a +1 glaive!!
The boulder beetle misses you.
You slice the boulder beetle!!
You feel better.
The boulder beetle is moderately wounded.
The death knight hits you from afar with a +1 glaive!!
The boulder beetle barely misses you.
You barely miss the boulder beetle.
The boulder beetle is moderately wounded.
The death knight misses you. The boulder beetle closely misses you.
You hit the boulder beetle but do no damage.
The boulder beetle is moderately wounded.
The death knight hits you from afar with a +1 glaive!!
The boulder beetle bites you!
The death knight hits you from afar with a +1 glaive!
The boulder beetle bites you!
You are too injured to fight recklessly!
You are too injured to fight recklessly!
You are too injured to fight recklessly!
You are too injured to fight recklessly!
As you read the scroll of teleportation, it crumbles to dust.
You feel strangely unstable.
The death knight hits you from afar with a +1 glaive!!
* * * LOW HITPOINT WARNING * * *
The boulder beetle bites you!
You die...

##.##.)†[..##.)##
##.##.######.###.##
##.##.##.†..##..##.##
#.##.##.####.###†##.##
#.#.##)## ##..##.##.#
#.#.#.## ###.##.#..
#.#.#.# ##.#.###
#.#.#.# #.#....
#.#.#@# #.#.###
#.#.##B# ##.#.#
#.##.##p# ##.##..
##.##.##.. ##.###..
##.##.######.####..
##.##).)...##..##..
##.########.##†##
##...†....####.###
###########..##...


You could see a death knight and a boulder beetle.

Vanquished Creatures
  4 two-headed ogres
  4 deep elf pyromancers (D:12)
  An ugly thing (D:12)
  3 manticores (D:12)
  A cyclops (D:12)
  A gargoyle (D:12)
  2 kobold demonologists (D:12)
  A komodo dragon (D:12)
  A meliai (D:12)
  2 trolls
  A meliai zombie (D:10)
  8 slime creatures (D:12)
  2 shadows
  16 yaks
  A basilisk (D:12)
  4 vampire mosquitoes
  2 acid dragons
  8 orc warriors
  An ice beast (D:7)
  2 sky beasts
  A hornet zombie (D:6)
  5 ogres
  A centaur (D:9)
  2 phantoms
  3 kobold brigands
  A bullfrog (D:7)
  4 gnoll sergeants
  A scorpion (D:5)
  A water moccasin skeleton (D:6)
  6 killer bees (D:8)
  10 wights (D:6)
  2 howler monkeys
  2 centaur zombies
  2 hounds
  A jelly (D:8)
  8 orc priests
  A centaur skeleton (D:7)
  Jessica (D:3)
  Terence (D:3)
  4 iguanas
  5 orc wizards
  21 gnolls
  A howler monkey skeleton (D:6)
  A howler monkey zombie (D:10)
  4 adders
  A white imp (D:6)
  2 ufetubi
  2 adder skeletons (D:4)
  2 dart slugs
  29 orcs
  8 ball pythons
  5 endoplasms
  A giant cockroach (D:1)
  10 goblins
  10 hobgoblins
  4 jackals (D:1)
  3 quokkas
  2 bats
  2 frilled lizards
  13 kobolds
  6 rats
254 creatures vanquished.

Vanquished Creatures (others)
  2 plants (D:7)
2 creatures vanquished.

Grand Total: 256 creatures vanquished

Notes
Turn   | Place    | Note
-------+----------+-------------------------------------------
     0 | D:1      | frimble the Troll Warper began the quest for the Orb.
     0 | D:1      | Reached XP level 1. HP: 19/19 MP: 1/1
    69 | D:1      | Reached XP level 2. HP: 24/28 MP: 2/2
   753 | D:2      | Identified a scroll of acquirement
   753 | D:2      | Acquired a +6 vampiric broad axe
   760 | D:2      | Reached XP level 3. HP: 35/35 MP: 3/3
   770 | D:2      | Found a faded altar of an unknown god.
   926 | D:2      | Found a basalt altar of Yredelemnul.
  1219 | D:3      | Reached skill level 1 in Axes
  1258 | D:3      | Noticed Jessica
  1262 | D:3      | Killed Jessica
  1263 | D:3      | Reached XP level 4. HP: 44/44 MP: 4/4
  1331 | D:3      | Noticed Terence
  1336 | D:3      | Killed Terence
  1446 | D:3      | Noticed a phantom
  1453 | D:3      | Killed a phantom
  1454 | D:3      | Reached skill level 2 in Axes
  1454 | D:3      | Reached XP level 5. HP: 53/53 MP: 5/5
  1562 | D:3      | Noticed a sky beast
  1579 | D:3      | Killed a sky beast
  1580 | D:3      | Reached skill level 3 in Axes
  1580 | D:3      | Reached XP level 6. HP: 62/62 MP: 6/6
  1804 | D:4      | Found a sacrificial altar of Ru.
  1804 | D:4      | Found a snail-covered altar of Cheibriados.
  1812 | D:4      | Found a shimmering blue altar of Sif Muna.
  1828 | D:4      | Learned a level 1 spell: Apportation
  1831 | D:4      | Learned a level 2 spell: Blink
  1836 | D:4      | Became a worshipper of Cheibriados the Contemplative
  1880 | D:4      | Found a runed translucent door.
  1880 | D:4      | Noticed AttackTheMoon's ghost (novice FoMo)
  1988 | D:4      | Found a staircase to the Ecumenical Temple.
  2334 | D:5      | Entered Level 5 of the Dungeon
  2334 | D:5      | Found Heotaxzoch's Armour Emporium.
  2426 | D:5      | Reached XP level 7. HP: 51/70 MP: 7/7
  2589 | D:5      | Reached * piety under Cheibriados
  2848 | D:5      | Reached skill level 4 in Axes
  3131 | D:6      | Reached skill level 5 in Axes
  3131 | D:6      | Reached XP level 8. HP: 49/78 MP: 8/8
  3357 | D:6      | Reached ** piety under Cheibriados
  3359 | D:6      | Reached skill level 6 in Axes
  3359 | D:6      | Reached skill level 5 in Translocations
  3455 | D:6      | Found a broken altar of Ashenzari.
  3527 | D:6      | Found a stormy altar of Qazlal.
  3564 | D:6      | Reached XP level 9. HP: 73/84 MP: 9/9
  3570 | D:6      | Reached skill level 7 in Axes
  3717 | D:6      | Found a glowing golden altar of the Shining One.
  4016 | D:7      | Noticed an ice statue
  4262 | D:7      | Found a shimmering altar of Xom.
  4341 | D:7      | Reached skill level 5 in Fighting
  4348 | D:7      | Identified the amulet "Vubbelig" {Spirit Will+ Dex+2}
  4514 | D:7      | Found an opulent altar of Gozag.
  4650 | D:8      | Reached skill level 8 in Axes
  4680 | D:8      | Found a burning altar of Makhleb.
  4728 | D:8      | Noticed a two-headed ogre
  4743 | D:8      | Killed a two-headed ogre
  4966 | D:8      | Reached *** piety under Cheibriados
  4967 | D:8      | Reached XP level 10. HP: 48/98 MP: 3/10
  5353 | D:9      | Found a transporter.
  5353 | D:9      | Noticed swappor's ghost (novice MiBe)
  5354 | D:9      | Noticed a centaur warrior
  5376 | D:9      | Found a transporter.
  5552 | D:9      | Reached **** piety under Cheibriados
  5613 | D:9      | Noticed a two-headed ogre
  5619 | D:9      | Killed a two-headed ogre
  5620 | D:9      | Reached skill level 9 in Axes
  6051 | D:9      | Found a staircase to the Orcish Mines.
  6486 | D:10     | Entered Level 10 of the Dungeon
  6644 | D:10     | Noticed a +0 dagger
  6644 | D:10     | Noticed a +0 dagger
  6657 | D:10     | Reached skill level 10 in Axes
  6657 | D:10     | Reached ***** piety under Cheibriados
  6663 | D:10     | Reached XP level 11. HP: 96/111 MP: 8/11
  6749 | D:10     | Found a hide-covered altar of Uskayaw.
  6774 | D:10     | Found a blossoming altar of Fedhas.
  6819 | D:10     | Found a transporter.
  6820 | D:10     | Found a transporter.
  6820 | D:10     | Noticed amoryguerra's ghost (novice MiBe)
  7006 | D:10     | Found a basalt altar of Yredelemnul.
  7024 | D:10     | Found a bloodstained altar of Trog.
  7229 | D:10     | Identified the +5 plate armour of the Dice {Rampage rElec
                  | rCorr}
  7741 | D:11     | Noticed a two-headed ogre
  7745 | D:11     | Noticed a four-headed hydra
  7750 | D:11     | Reached skill level 1 in Throwing
  7753 | D:11     | Killed a two-headed ogre
  7886 | D:12     | Noticed a deep elf pyromancer
  7894 | D:12     | Killed a deep elf pyromancer
  7962 | D:12     | Noticed a deep elf pyromancer
  7980 | D:12     | Killed a deep elf pyromancer
  8043 | D:12     | Noticed a seven-headed hydra
  8264 | D:12     | Noticed a deep elf pyromancer
  8268 | D:12     | Killed a deep elf pyromancer
  8291 | D:12     | Noticed a deep elf pyromancer
  8296 | D:12     | Killed a deep elf pyromancer
  8332 | D:12     | Noticed a green ugly thing
  8341 | D:12     | Killed a green ugly thing
  8532 | D:12     | Noticed a two-headed ogre
  8534 | D:12     | Killed a two-headed ogre
  8535 | D:12     | Reached skill level 11 in Axes
  8535 | D:12     | Reached XP level 12. HP: 117/123 MP: 9/12
  8591 | D:12     | Noticed a boulder beetle
  8594 | D:12     | Noticed a death knight
  8599 | D:12     | Mangled by a boulder beetle

Illustrated notes

Levels and vault maps discovered:
D:1:      dpeg_arrival_tiny_d, layout_loops_cross, serial_forest,
          infiniplex_forest_fountain, infiniplex_forest_lined_2,
          infiniplex_forest_clump_cross, infiniplex_forest_lined_corner,
          infiniplex_forest_straight_2
D:2:      layout_rooms, shapermc_ecumenical_altar_notcrosses, basic_altar,
          minmay_misc_feat_more_columns
D:3:      layout_rooms, minmay_cut_off, uniq_jessica, uniq_terence
D:4:      layout_cave_pools, grunt_temple_overflow_open,
          minmay_temple_entry_stoned_glass, hellmonk_ghost_happy_afterlife
D:5:      layout_loops_cross, serial_shops, nicolae_stop_n_shop_1
D:6:      layout_basic, mainiacjoe_overflow_brackets,
          mainiacjoe_overflow_large_starburst, minmay_diced_spiral
D:7:      lemuel_ice_statue, layout_basic, mainiacjoe_overflow_alcove_2,
          mainiacjoe_overflow_chevrons, eino_small_chamber_without_monster,
          minmay_misc_feat_x
D:8:      layout_rooms, old_standard_altar
D:9:      layout_loops_cross, kennysheep_orc_monster_closet_entryway,
          gammafunk_ghost_arena, roderic_serpentine_path, minmay_curled_crystal,
          minmay_misc_feat_hallway
D:10:     layout_loops_ring, mainiacjoe_overflow_boulevard,
          lemuel_zombie_altar_yredelemnul, dancing_weapons_uskayaw, trog_book,
          gammafunk_ghost_arena
D:11:     layout_stronghold, erik_lair_dragon, nicolae_trove_entry_path_of_doom
D:12:     kennysheep_snake, layout_basic

Skill      XL: |  1  2  3  4  5  6  7  8  9 10 11 |
---------------+----------------------------------+-----
Short Blades   | 2 |  2.4
Fighting       | 2 3 4 5 8 9 |  9.3
Axes           | 1 2 3 5 6 8 10 11 | 11.1
Translocations | 3 5 6 |  6.0
Dodging        | 4 |  4.8
Throwing       | 4 |  4.8
Spellcasting   | |  1.2

Action                   |  1- 3 |  4- 6 |  7- 9 | 10-12 || total
-------------------------+-------+-------+-------+-------++-------
Melee: Short sword       |    68 |       |       |       ||    68
       Broad axe         |    39 |   111 |   180 |   284 ||   614
Throw: Boomerang         |       |       |       |     5 ||     5
 Cast: Blink             |       |       |     2 |     1 ||     3
Evoke: Wand              |       |       |     7 |     5 ||    12
  Use: Scroll            |     5 |     3 |     6 |     5 ||    19
       Potion            |       |       |     1 |       ||     1
 Stab: Sleeping          |       |       |       |     4 ||     4
Armor: Robe              |    31 |    43 |    57 |    32 ||   163
       Skin              |       |       |     8 |       ||     8
       Troll leather arm |       |       |       |    78 ||    78
Dodge: Dodged            |    49 |    50 |   120 |   212 ||   431

Table legend: (Time is in decaauts)
 A = Elapsed time spent in this place.
 B = Non-inter-level travel time spent in this place.
 C = Inter-level travel time spent in this place.
 D = Time resting spent in this place.
 E = Time spent auto-exploring this place.
 F = Levels seen in this place.
 G = Mean time per level.
                   A        B        C        D        E       F      G
               +--------+--------+--------+--------+--------+-----+--------+
         Total |  11685 |  10821 |    864 |      4 |   8665 |  12 |  973.8 |
       Dungeon |  11685 |  10821 |    864 |      4 |   8665 |  12 |  973.8 |
               +--------+--------+--------+--------+--------+-----+--------+

Top non-repeatable levels by time:
     D:9: 1673 daAuts
    D:10: 1451 daAuts
     D:6: 1448 daAuts
     D:7: 1342 daAuts
    D:12: 1130 daAuts
     D:8: 1103 daAuts
     D:5: 798 daAuts
     D:4: 746 daAuts
     D:1: 721 daAuts
     D:3: 613 daAuts
     D:2: 495 daAuts
    D:11: 162 daAuts
